AoeStats
← Titoxhn

African Clearing

510460639Analyzed
4v4 RM · 21h ago on Oct 1, 2026· 42m 52s· 8 players
Game mode
Random Map
Map size
Large (8 player)
Population
200
Speed
Normal
Resources
Standard
Victory
Conquest
Starting age
Dark Age
Ending age
Imperial Age
RankedLock teamsTeams togetherTeam positionsShared explorationLock speedFull tech treeHidden civsTurbo modeCheats
Victory
Defeat
🇲🇽 Jurchens · Mexico
1119
+12
🇲🇽 Franks · Mexico
1086
+14
🇲🇽 Huns · Mexico
1005
+17
🇲🇽 Bohemians · Mexico
897
+21
🇺🇾 Burgundians · Uruguay
1052
-17
🇲🇽 Mongols · Mexico
1039
-17
🇺🇸 Cumans · United States
1010
-15
🇨🇦 Danes · Canada
1005
-15
XGTIROMlllX
8:48 Loom
16:32 Feudal Age
21:13 Castle Age
19:47 Horse Collar
19:55 Double-Bit Axe
Pinoye12
4:31 Loom
12:01 Feudal Age
13:00 Double-Bit Axe
18:50 Castle Age
18:21 Bloodlines
18:32 Scale Barding Armor
18:26 Horse Collar
21:58 Heavy Plow
25:26 Husbandry
26:33 Forging
27:58 Chain Barding Armor
29:20 Wheelbarrow
33:49 Hand Cart
37:31 Bow Saw
42:03 Imperial Age
44:06 Plate Barding Armor
Machetekills135
9:22 Loom
14:00 Feudal Age
21:51 Castle Age
21:50 Double-Bit Axe
30:53 Wheelbarrow
34:52 Imperial Age
32:48 Bow Saw
38:04 Hussite Reforms
38:05 Wagenburg Tactics
38:21 Pikeman
39:02 Squires
38:48 Arson
40:12 Elite Hussite Wagon
Titoxhn
4:36 Loom
15:21 Feudal Age
21:02 Castle Age
19:06 Double-Bit Axe
21:39 Wheelbarrow
26:12 Pikeman
29:58 Bow Saw
30:50 Scale Mail Armor
32:56 Chain Mail Armor
32:42 Padded Archer Armor
35:00 Forging
35:17 Fletching
36:17 Leather Archer Armor
38:34 Gambesons
38:49 Squires
39:56 Husbandry
41:59 Iron Casting
41:29 Scale Barding Armor
42:06 Bodkin Arrow
45:43 Imperial Age
NeessQuiick
15:26 Feudal Age
21:40 Castle Age
21:23 Double-Bit Axe
21:53 Fletching
22:09 Padded Archer Armor
31:16 Wheelbarrow
36:50 Bodkin Arrow
Swordfish
5:15 Loom
20:05 Feudal Age
25:27 Castle Age
23:15 Double-Bit Axe
23:28 Fishing Lines
23:31 Horse Collar
25:40 Scale Mail Armor
26:30 Gold Mining
32:19 Stone Mining
36:23 Wheelbarrow
36:28 Squires
37:06 Bow Saw
40:34 Hand Cart
40:17 Town Watch
44:37 Imperial Age
42:37 Chain Mail Armor
Gyurkobeats
9:57 Double-Bit Axe
11:34 Loom
15:05 Feudal Age
15:21 Horse Collar
15:38 Horse Collar
21:43 Wheelbarrow
25:08 Castle Age
24:30 Scale Barding Armor
24:37 Forging
24:41 Gold Mining
25:10 Light Cavalry
25:12 Cavalier
26:54 Husbandry
28:34 Fletching
29:23 Iron Casting
29:26 Bow Saw
29:19 Heavy Plow
32:20 Hand Cart
32:08 Town Watch
32:46 Chain Barding Armor
40:11 Imperial Age
40:39 Padded Archer Armor
42:33 Chemistry
41:30 Murder Holes
41:47 Masonry
moisttoilet
3:21 Loom
12:57 Feudal Age
13:39 Town Watch
13:42 Double-Bit Axe
13:40 Horse Collar
21:36 Castle Age
21:25 Bloodlines
22:17 Forging
21:48 Light Cavalry
23:48 Fletching
25:07 Padded Archer Armor
28:56 Wheelbarrow
31:11 Hand Cart
32:52 Scale Barding Armor
32:43 Bodkin Arrow
35:50 Chain Barding Armor
36:45 Thumb Ring
Connection lost

Rejoining the realm…

Still unreachable

The connection could not be restored.

Session expired

The server has moved on; the page needs a fresh start.